 Dungeon Crawl Stone Soup version 0.17.1-1-g73c8601 (webtiles) character file.

26 Implojin the Cudgeler (level 2, -2/26 HPs)
             Began as a Minotaur Fighter on Apr 8, 2016.
             Slain by a worker ant (5 damage)
             ... on level 4 of the Dungeon.
             The game lasted 00:00:51 (146 turns).

Implojin the Cudgeler (Minotaur Fighter)             Turns: 146, Time: 00:00:52

Health: -2/26      AC:  8    Str: 20    XL:     2   Next: 89%
Magic:  1/1        EV:  7    Int:  5    God:
Gold:   8          SH:  9    Dex:  9    Spells: 0 memorised, 1 level left

rFire  . . .     SeeInvis .     a - +0 flail
rCold  . . .     Clarity  .     b - +0 scale mail
rNeg   . . .     SustAt   .     c - +0 shield
rPois  .         Gourm    .     (helmet restricted)
rElec  .         Spirit   .     (no cloak)
rCorr  .         Warding  .     h - +0 pair of gloves
rMut   .         Stasis   .     (no boots)
MR     .....                    (no amulet)
Stlth  ..........               (no ring)
                                (no ring)

@: lethally poisoned (-2 -> -7), not resistant to hostile enchantments,
extremely unstealthy
A: retaliatory headbutt, horns 2
a: no special abilities


You were on level 4 of the Dungeon.
You were not hungry.

You visited 1 branch of the dungeon, and saw 4 of its levels.

You collected 8 gold pieces.

Inventory:

Hand Weapons
 a - a +0 flail (weapon)
Armour
 b - a +0 scale mail (worn)
 c - a +0 shield (worn)
 h - a +0 pair of gloves (worn)
Wands
 i - a wand of draining (8)
Potions
 d - a potion of might
 f - a potion of poison {unknown}
 g - a potion of berserk rage {unknown}
Comestibles
 e - a bread ration


   Skills:
 - Level 3.6 Fighting
 * Level 4.2 Maces & Flails
 - Level 3.6 Armour
 - Level 3.6 Shields


You had one spell level left.
You didn't know any spells.

Dungeon Overview and Level Annotations

Branches:
Dungeon (4/15)
 Temple: D:4-7

Altars:


Innate Abilities, Weirdness & Mutations

You reflexively headbutt those who attack you in melee.
You have a pair of horns on your head.


Message History

A ball python and a worker ant come into view.
The worker ant twitches its antennae in your direction.
Found 8 gold pieces and a leather armour.
You see here 8 gold pieces.
You now have 8 gold pieces.
You hit the worker ant but do no damage.
The worker ant bites you. x2
* * * LOW HITPOINT WARNING * * *
You closely miss the worker ant. The ball python closely misses you.
You furiously retaliate!
You headbutt the ball python!
You kill the ball python!
The worker ant bites you.
* * * LOW HITPOINT WARNING * * *
You hit the worker ant but do no damage.
You headbutt the worker ant.
The worker ant is moderately wounded.
The worker ant bites you but does no damage.
Unknown command.
You hit the worker ant. You headbutt the worker ant.
The worker ant is heavily wounded.
You block the worker ant's attack. The worker ant bites you.
* * * LOW HITPOINT WARNING * * *
You are poisoned.
The worker ant poisons you!
You hit the worker ant but do no damage.
The worker ant is heavily wounded.
You feel sick. You block the worker ant's attack.
Unknown command.
You hit the worker ant. Your headbutt misses the worker ant.
The worker ant is severely wounded.
You feel sick. The worker ant barely misses you.
The worker ant waves its antennae.
The worker ant bites you.
* * * LOW HITPOINT WARNING * * *
Drink which item? (? for menu, Esc to quit)
Okay, then.
You hit the worker ant but do no damage.
The worker ant is severely wounded.
The worker ant bites you.
You die...

............# ..
............
..###.....#.....
#..............
#..............
#..............
#..............
#.....a@.....#
#............#
..............#
...........#..[.
.........### ...
.........# ..
.........# .
..........
.....###..


You could see a worker ant.

Vanquished Creatures
  An adder (D:3)
  A gnoll (D:1)
  A ball python (D:4)
  A bat (D:3)
  A giant newt (D:1)
  2 goblins (D:1)
  3 kobolds
  3 rats
13 creatures vanquished.

Notes
Turn   | Place    | Note
--------------------------------------------------------------
     0 | D:1      | Implojin the Minotaur Fighter began the quest for the Orb.
     0 | D:1      | Reached XP level 1. HP: 19/19 MP: 0/0
    22 | D:1      | Reached skill level 3 in Maces & Flails
    22 | D:1      | Reached XP level 2. HP: 17/26 MP: 1/1
    85 | D:3      | Reached skill level 4 in Maces & Flails
   146 | D:4      | Slain by a worker ant

Action                   || total
-------------------------++-------
Melee: Flail             ||    38

Table legend:
 A = Turns spent in this place as a percentage of turns spent in the entire game.
 B = Non-inter-level travel turns spent in this place as a percentage of non-inter-level travel turns spent in the entire game.
 C = Inter-level travel turns spent in this place as a percentage of turns spent in this place.
 D = Turns resting spent in this place as a percentage of non-inter-level travel turns spent in this place.
 E = Turns spent auto-exploring this place as a percentage of non-inter-level travel turns spent in this place.
 F = Non-inter-level travel turns spent in this place divided by the number of levels of this place that you've seen.
                   A       B       C       D       E      F
               +-------+-------+-------+-------+-------+----------------------
         Total | 100.0 | 100.0 |   0.0 |   0.0 |   0.0 |  35.5
       Dungeon | 100.0 | 100.0 |   0.0 |   0.0 |   0.0 |  35.5
               +-------+-------+-------+-------+-------+----------------------

Table legend:
 A = Kills in this place as a percentage of kills in entire the game.
 B = Kills by you in this place as a percentage of kills by you in the entire game.
 C = Kills by friends in this place as a percentage of kills by friends in the entire game.
 D = Other kills in this place as a percentage of other kills in the entire game.
 E = Experience gained in this place as a percentage of experience gained in the entire game.
 F = Experience gained in this place divided by the number of levels of this place that you have seen.
                   A       B       C       D       E      F
               +-------+-------+-------+-------+-------+----------------------
         Total | 100.0 | 100.0 |  -nan |  -nan | 100.0 |   9.5
       Dungeon | 100.0 | 100.0 |  -nan |  -nan | 100.0 |   9.5
               +-------+-------+-------+-------+-------+----------------------
